Map: Omicron

Players

CoffeeOK

  • Race: Zerg Zerg
  • Spawn Location: 7:00

HoGGaH

  • Race: Protoss Protoss
  • Spawn Location: 9:00

Blubbel - Winner!

  • Race: Terran Terran
  • League: Silver
  • Spawn Location: 1:00

zod - Winner!

  • Race: Protoss Protoss
  • League: Silver
  • Spawn Location: 3:00

VOD

Have the link to the VOD?

Description

Time

  • Played on: Jan. 11, 2016, 1:01 p.m.
  • Length: 19:17
Show
View Real Time Build Order
Export as new Build Order

CoffeeOK Zerg 

Build Orders: Hatch First 

Get SALT Encoding   

  12  0:02  Drone  
  13  0:15  Overlord  
  13  0:19  Drone  
  14  0:34  Drone x2  
  16  0:45  Drone  
  17  1:15  Hatchery  
  16  1:22  Spawning Pool  
  16  1:24  Extractor  
  14  1:33  Drone x3  
  17  2:03  Drone x2  
  19  2:12  Evolution Chamber  
  18  2:28  Roach Warren  
  18  2:29  Drone x2  
  20  2:30  Drone x2  
  21  2:54  Extractor  
  21  2:55  Lair  
  20  3:13  Overlord x3  
  20  3:19  Hatchery  
  19  3:27  Drone  
  20  3:40  Roach  
  20  3:41  Roach x5  
  32  3:57  Roach x2  
  36  4:07  Drone x2  
  38  4:18  Zerg Missile Weapons Level 1  
  38  4:20  Zergling x2  
  38  4:21  Zergling x2  
  40  4:31  Roach  
  40  4:32  Roach  
  40  4:37  Drone x3  
  47  4:52  Drone x2  
  49  4:53  Drone  
  43  5:17  Overseer  
  40  5:40  Spore Crawler  
  39  5:52  Spore Crawler  
  39  5:53  Roach x2  
  39  5:54  Roach  
  41  6:05  Drone  
  42  6:42  Drone x2  
  42  6:43  Drone x5  
  42  6:45  Overlord x2  
  46  7:23  Hydralisk Den  
  46  7:29  Drone x2  
  47  7:30  Drone x6  
  47  7:31  Drone  
  54  7:57  Hydralisk x3  
  60  8:04  Overlord x4  
  60  8:08  Drone x2  
  62  8:14  Extractor  
  61  8:39  Roach  
  61  8:40  Roach x8  
  77  8:51  Drone  
  77  8:52  Drone x2  
  70  9:21  Hydralisk x5  
  71  10:01  Drone x2  
  71  10:02  Drone x4  
  77  10:07  Hatchery  
  77  10:08  Queen  
  78  10:27  Roach x4  
  86  10:46  Hatchery  
  85  10:57  Roach  
  85  10:58  Roach x2  
  85  11:03  Overlord x3  
  91  11:14  Extractor  
  91  11:15  Drone  
  91  11:22  Zerg Missile Weapons Level 2  
  91  11:32  Evolution Chamber  
  91  11:35  Drone x6  
  96  12:03  Zergling x8  
  96  12:04  Zergling x10  
  105  12:15  Drone x5  
  109  12:19  Lair  
  110  12:29  Infestation Pit  
  91  12:40  Roach  
  91  12:41  Roach x7  
  98  13:00  Hydralisk x3  
  98  13:01  Hydralisk x5  
  114  13:12  Drone x3  
  117  13:13  Drone  
  117  13:15  Overlord  
  95  13:51  Roach x6  
  95  13:52  Roach x6  
  90  14:31  Roach x3  
  90  14:32  Hydralisk x6, Roach  
  90  14:33  Hydralisk x2  
  88  14:50  Roach x4  
  68  15:15  Zergling x12  
  68  15:16  Zergling x10  
  59  15:37  Spire  
  41  16:18  Hydralisk x4  
  41  16:19  Hydralisk x8  
  65  17:03  Corruptor x3  
  65  17:04  Corruptor x2  
Show
View Real Time Build Order
Export as new Build Order

HoGGaH Protoss 

Build Orders:  

Get SALT Encoding   

  12  0:01  Probe (Chrono Boost)  
  13  0:15  Pylon  
  13  0:18  Probe (Chrono Boost)  
  14  0:29  Probe (Chrono Boost)  
  15  0:39  Probe (Chrono Boost)  
  15  0:40  Gateway  
  16  0:50  Probe (Chrono Boost)  
  17  1:00  Probe (Chrono Boost)  
  17  1:01  Gateway  
  18  1:07  Assimilator  
  19  1:11  Probe (Chrono Boost)  
  19  1:23  Pylon  
  19  1:45  Cybernetics Core  
  19  1:49  Pylon  
  19  1:51  Zealot x2  
  23  1:57  Probe (Chrono Boost)  
  24  2:07  Probe (Chrono Boost)  
  25  2:08  Gateway  
  25  2:13  Pylon  
  25  2:22  Adept (Chrono Boost)  
  29  2:24  Adept (Chrono Boost)  
  29  2:39  Warp Gate (Chrono Boost)  
  29  2:56  Nexus  
  29  3:05  Adept x2  
  33  3:18  Adept  
  33  4:03  Adept x2  
  35  4:11  Probe  
  36  4:23  Probe  
  37  4:34  Pylon  
  37  4:35  Probe x2  
  37  4:36  Pylon  
  39  4:40  Assimilator  
  39  4:43  Assimilator  
  39  4:44  Adept  
  39  4:45  Probe, Adept  
  43  4:47  Probe  
  45  4:56  Probe  
  47  5:00  Probe  
  47  5:06  Probe  
  47  5:12  Probe  
  49  5:35  Stalker x3  
  55  5:50  Gateway  
  55  5:54  Gateway  
  55  5:56  Forge  
  55  6:08  Probe  
  55  6:10  Probe  
  57  6:18  Forge  
  57  6:20  Stargate  
  57  6:22  Stargate  
  57  6:33  Probe  
  57  6:37  Photon Cannon  
  57  6:39  Protoss Air Weapons Level 1 (Chrono Boost)  
  58  6:43  Protoss Shields Level 1 (Chrono Boost)  
  58  6:46  Zealot x2  
  58  6:47  Zealot x2  
  62  7:07  Void Ray  
  58  7:12  Stalker x2  
  58  7:13  Stalker  
  62  7:38  Protoss Ground Armor Level 1 (Chrono Boost)  
  62  7:43  Void Ray  
  66  7:50  Probe  
  67  7:51  Probe  
  67  7:57  Assimilator  
  68  8:01  Pylon  
  68  8:09  Fleet Beacon  
  68  8:36  Void Ray  
  72  8:50  Probe  
  72  8:53  Nexus  
  72  8:54  Pylon x2  
  73  8:56  Gateway, Pylon  
  73  9:02  Gateway  
  69  9:05  Twilight Council  
  61  9:12  Stalker x2  
  63  9:46  Tempest  
  63  9:50  Probe x2  
  69  10:02  Probe x2  
  71  10:09  Probe  
  72  10:14  Probe  
  72  10:20  Probe  
  73  10:26  Tempest (Chrono Boost)  
  78  10:30  Probe, Zealot  
  78  10:31  Zealot x3  
  87  10:37  Void Ray (Chrono Boost)  
  87  10:41  Probe  
  92  10:52  Probe  
  93  11:02  Probe  
  94  11:08  Probe  
  95  11:12  Assimilator  
  95  11:13  Probe  
  95  11:16  Assimilator  
  96  11:20  Probe  
  96  11:23  Probe  
  96  11:25  Probe  
  99  11:30  Zealot x4  
  99  11:31  Zealot  
  99  11:32  Probe  
  110  11:37  Probe  
  111  11:44  Probe  
  90  12:07  Stalker  
  90  12:08  Stalker x2  
  82  12:39  Probe, Tempest x2 (Chrono Boost)  
  91  12:49  Probe  
  84  13:00  Probe  
  79  13:07  Probe x2  
  79  13:10  Probe  
  82  13:19  Probe  
  65  13:48  Zealot  
  65  13:49  Zealot x2  
  51  14:45  Zealot x5  
  51  15:00  Tempest x2 (Chrono Boost)  
  49  15:10  Probe  
  50  15:20  Probe  
  45  15:31  Zealot x4  
  45  15:34  Stalker  
  44  15:37  Tempest (Chrono Boost)  
  16  16:42  Stalker  
  16  16:43  Stalker x3  
  16  16:44  Stalker  
  19  17:22  Stalker  
Show
View Real Time Build Order
Export as new Build Order

Blubbel Terran - Winner!

Build Orders:  

Get SALT Encoding   

  12  0:01  SCV  
  13  0:13  SCV  
  14  0:25  Supply Depot, SCV  
  15  0:33  Refinery  
  15  0:46  SCV  
  15  0:48  Barracks  
  16  0:58  SCV  
  17  1:10  SCV  
  18  1:23  SCV, Refinery  
  19  1:36  Supply Depot  
  19  1:37  Marine  
  21  1:40  SCV  
  21  1:44  Factory  
  21  1:52  SCV  
  22  2:00  Marine  
  23  2:04  SCV, Supply Depot  
  24  2:16  SCV  
  25  2:30  Starport, Widow Mine  
  25  2:35  Orbital Command  
  27  2:39  Marine  
  28  2:56  Marine  
  29  3:01  SCV, Widow Mine  
  32  3:07  Medivac  
  34  3:13  SCV, Engineering Bay  
  35  3:25  SCV  
  36  3:29  Barracks Reactor  
  36  3:35  Factory Tech Lab  
  36  3:37  SCV  
  36  4:10  Widow Mine  
  38  4:43  Supply Depot  
  38  5:04  Medivac  
  38  5:07  Command Center  
  38  5:31  Widow Mine  
  38  5:46  Marine x2  
  40  5:54  SCV  
  40  5:56  Medivac  
  43  5:58  Terran Infantry Weapons Level 1  
  43  5:59  Widow Mine  
  43  6:03  Marine  
  43  6:04  Marine  
  45  6:05  Armory  
  45  6:06  SCV  
  46  6:21  Marine x2  
  48  6:26  Medivac  
  48  6:28  Siege Tank  
  53  6:35  Barracks  
  53  6:39  Marine  
  54  6:54  Engineering Bay  
  54  7:00  Siege Tank  
  57  7:12  Starport Reactor  
  57  7:24  Missile Turret  
  57  7:27  SCV  
  58  7:33  Siege Tank  
  61  7:40  SCV  
  62  7:56  Orbital Command  
  62  8:00  Terran Infantry Armor Level 1  
  62  8:01  Supply Depot, Terran Infantry Weapons Level 2  
  62  8:08  Barracks Reactor  
  62  8:17  Command Center  
  62  8:22  Siege Tank  
  57  9:07  Command Center  
  57  9:27  Supply Depot  
  57  9:34  Supply Depot  
  57  9:39  Liberator x2  
  57  9:40  Supply Depot  
  57  9:44  Supply Depot  
  57  9:46  Supply Depot  
  57  9:48  Supply Depot  
  57  9:49  Marine x4  
  61  9:54  Missile Turret  
  67  10:00  Barracks  
  67  10:07  Marine x4  
  71  10:15  Missile Turret  
  71  10:22  Supply Depot, Liberator  
  71  10:24  Marine x2  
  76  10:43  Refinery  
  76  10:57  Planetary Fortress  
  76  11:12  Marine  
  76  11:13  Marine x3  
  76  11:15  Barracks Tech Lab  
  80  12:11  Marine x5  
  85  12:16  Combat Shields  
  82  12:28  Marine  
  82  12:29  Marine x4  
  78  12:46  Marine  
  78  12:48  Marine x2  
  78  12:49  Marine x2  
  83  13:04  Marine  
  84  13:06  Marine x3  
  87  13:30  Marine x4  
  87  13:31  Marine  
  91  13:48  Marine x4  
  87  13:49  Marine  
  83  14:06  Marine x5  
  81  14:18  Stimpack  
  81  14:23  Marine  
  81  14:24  Marine x4  
  84  14:41  Marine x2  
  84  14:42  Marine x3  
  83  14:59  Marine x3  
  60  15:37  Marine  
  60  15:38  Marine x4  
  65  15:55  Marine x2  
  65  15:56  Marauder, Marine x2  
  57  16:13  Marine x2  
  57  16:14  Marine x2  
  57  16:18  Marauder  
  63  16:25  Command Center  
  63  16:31  Marine x4  
  67  16:39  Marauder  
  69  16:49  Marine x4  
  69  16:53  Command Center  
  73  17:01  Marauder  
  75  17:07  Marine x2  
  77  17:22  Marauder  
Show
View Real Time Build Order
Export as new Build Order

zod Protoss - Winner!

Build Orders: 1 Gate Expand 

Get SALT Encoding   

  12  0:01  Probe (Chrono Boost)  
  13  0:11  Probe (Chrono Boost)  
  14  0:19  Pylon  
  14  0:24  Probe (Chrono Boost)  
  15  0:37  Probe (Chrono Boost)  
  15  0:38  Gateway  
  16  0:48  Probe (Chrono Boost)  
  17  0:53  Assimilator  
  17  0:58  Probe (Chrono Boost)  
  18  1:09  Probe (Chrono Boost)  
  19  1:23  Nexus  
  19  1:28  Probe (Chrono Boost)  
  20  1:36  Pylon  
  20  1:38  Probe (Chrono Boost)  
  21  1:49  Cybernetics Core  
  21  1:53  Zealot  
  23  1:58  Probe (Chrono Boost)  
  24  2:11  Gateway  
  24  2:21  Probe (Chrono Boost)  
  24  2:22  Gateway  
  25  2:27  Warp Gate (Chrono Boost)  
  25  2:37  Probe x2 (Chrono Boost)  
  26  2:38  Stargate  
  27  2:45  Assimilator  
  27  2:51  Stalker  
  29  3:14  Stalker  
  31  3:24  Pylon  
  31  3:26  Probe  
  31  3:28  Probe  
  31  3:30  Forge  
  33  3:37  Probe  
  33  3:40  Mothership Core  
  36  3:47  Probe  
  37  4:01  Probe  
  38  4:08  Oracle  
  39  4:11  Probe  
  39  4:13  Probe  
  41  4:22  Probe  
  42  4:25  Probe  
  42  4:26  Protoss Ground Weapons Level 1  
  41  4:32  Probe  
  41  4:33  Assimilator  
  41  4:37  Probe, Zealot x2, Assimilator  
  41  4:38  Zealot  
  49  4:43  Probe  
  49  4:45  Protoss Air Weapons Level 1 (Chrono Boost)  
  50  4:49  Probe  
  49  4:53  Probe  
  50  5:01  Probe  
  51  5:27  Oracle  
  54  5:45  Pylon  
  54  5:50  Pylon  
  54  5:52  Pylon  
  54  5:59  Pylon  
  54  6:01  Probe, Pylon  
  54  6:03  Probe  
  56  6:06  Stargate  
  56  6:09  Gateway  
  56  6:12  Gateway, Pylon  
  56  6:13  Twilight Council  
  56  6:14  Pylon  
  56  6:15  Probe  
  56  6:18  Zealot x2, Pylon  
  57  6:19  Zealot  
  57  6:20  Void Ray  
  67  6:29  Protoss Air Armor Level 1 (Chrono Boost)  
  67  6:39  Zealot x2  
  71  6:40  Zealot  
  71  7:15  Void Ray  
  65  7:18  Protoss Ground Weapons Level 2  
  65  7:21  Blink  
  65  7:24  Probe  
  65  7:25  Probe  
  64  7:37  Probe  
  64  7:40  Stalker x2  
  64  7:41  Stalker x2  
  64  7:42  Nexus  
  64  7:43  Probe  
  64  7:44  Pylon  
  73  7:46  Pylon  
  73  7:49  Oracle, Assimilator  
  73  7:50  Probe  
  73  7:51  Assimilator  
  78  7:53  Probe  
  78  7:56  Pylon  
  78  7:58  Phoenix  
  81  7:59  Pylon  
  81  8:01  Pylon  
  81  8:02  Probe  
  81  8:03  Pylon  
  82  8:24  Photon Cannon  
  82  8:27  Photon Cannon  
  82  8:30  Photon Cannon  
  82  8:35  Zealot x2  
  82  8:36  Photon Cannon  
  82  8:38  Photon Cannon  
  86  8:42  Photon Cannon x2  
  86  8:46  Photon Cannon x2  
  81  9:42  Phoenix  
  81  9:43  Phoenix  
  62  9:46  Stalker  
  62  9:47  Stalker x4, Probe x2  
  62  9:48  Probe  
  73  9:58  Probe x2  
  75  10:00  Probe  
  76  10:07  Phoenix  
  76  10:08  Probe x2, Phoenix, Charge  
  76  10:10  Protoss Ground Weapons Level 3  
  76  10:13  Probe  
  83  10:19  Probe  
  83  10:20  Gateway  
  84  10:23  Gateway  
  84  10:25  Probe, Stargate, Fleet Beacon  
  84  10:27  Stargate  
  84  10:28  Stalker x2  
  87  10:35  Phoenix  
  87  10:37  Mothership Core  
  91  10:46  Probe  
  91  10:47  Probe  
  93  10:59  Zealot x2  
  93  11:00  Zealot x3  
  93  11:03  Void Ray  
  107  11:05  Void Ray  
  111  11:18  Tempest  
  111  11:22  Zealot x3  
  111  11:23  Zealot  
  123  11:29  Pylon  
  123  11:32  Pylon  
  101  12:02  Zealot x4  
  101  12:03  Zealot x3  
  101  12:06  Tempest x2  
  121  12:10  Tempest  
  97  12:44  Zealot x3  
  97  12:45  Zealot x3  
  93  13:10  Stalker x3  
  93  13:14  Tempest x2  
  93  13:15  Tempest  
  101  13:27  Mothership Core  
  97  13:36  Stalker x2  
  97  13:37  Stalker  
  97  13:38  Stalker  
  89  14:00  Zealot x5  
  89  14:01  Zealot  
  99  14:09  Stalker  
  84  14:43  Stalker x4  
  78  15:12  Zealot x2  
  78  15:13  Zealot  
  84  16:02  Nexus  
  80  16:48  Assimilator  
  64  17:49  Tempest x2  
  66  18:24  Zealot x5  
  66  19:06  Assimilator  
Tags
 
Add a new tag
Caveats
  • Supply blocks, unpowered buildings, or Contaminate may cause inaccurate times.
  • Supply counts are checked every 10 seconds.